 Dungeon Crawl Stone Soup version 0.20-a0-492-g6327889 (webtiles) character file.

2063 Duffy the Destroyer (level 9, 0/57 HPs)
             Began as a Demonspawn Conjurer on Jan 15, 2017.
             Was a Follower of Vehumet.
             Slain by Pikel
             ... wielding a +1 whip of electrocution
              (8 damage)
             ... on level 7 of the Dungeon.
             The game lasted 00:11:11 (8938 turns).

Duffy the Destroyer (Demonspawn Conjurer)           Turns: 8938, Time: 00:11:11

Health: 0/57       AC:  7    Str: 12    XL:     9   Next: 5%
Magic:  16/27      EV: 12    Int: 19    God:    Vehumet [*.....]
Gold:   392        SH:  0    Dex: 15    Spells: 8/20 levels left

rFire    + . .     SeeInvis +   w - +0 blowgun
rCold    . . .     Gourm    .   a - +1 robe
rNeg     . . .     Faith    +   (no shield)
rPois    .         Spirit   .   (no helmet)
rElec    .         Reflect  .   (no cloak)
rCorr    .         Harm     .   (no gloves)
MR       .....                  (no boots)
Stlth    ++........             y - amulet of faith
Regen    0.1/turn               s - ring of magical power
                                q - +1 ring of protection

@: drained
A: claws 1, iridescent scales 2, see invisible, agile 1, deformed body, fire
resistance 1, foul stench 2, strong 1, rot immunity
a: Renounce Religion


You were on level 7 of the Dungeon.
You worshipped Vehumet.
Vehumet was aware of your devotion.
You were not hungry.

You visited 2 branches of the dungeon, and saw 8 of its levels.

You collected 417 gold pieces.
You spent 25 gold pieces at shops.

Inventory:

Hand Weapons
 d - a +0 spear
 r - a +3 flail of venom
 u - a +1 spear of venom
 w - a +0 blowgun (weapon)
Missiles
 v - 2 curare-tipped needles (quivered)
Armour
 a - a +1 robe (worn)
 l - a +0 buckler
Jewellery
 q - a +1 ring of protection (left claw)
 s - a ring of magical power (right claw)
 y - an amulet of faith (around neck)
Wands
 E - a wand of digging (15/24)
Scrolls
 g - a scroll of immolation
 h - a scroll of blinking
 j - 3 scrolls of remove curse
 o - a scroll of enchant armour
 p - 5 scrolls of teleportation
 x - 3 scrolls of amnesia {unknown}
 z - a scroll of recharging {unknown}
 B - a scroll of enchant weapon {unknown}
 C - 2 scrolls of magic mapping {unknown}
 F - a scroll of noise {unknown}
 J - a scroll of fear {unknown}
Potions
 e - 2 potions of heal wounds
 f - a potion of haste
 k - 4 potions of curing
 n - a potion of lignification
 A - a potion of cancellation
 D - a potion of agility {unknown}
 H - a potion of magic {unknown}
 I - a potion of flight {unknown}
Books
 b - a book of Conjurations

   Spells                             Type                      Level
   a - Magic Dart                     Conjuration                  1
   b - Searing Ray                    Conjuration                  2
   c - Dazzling Spray                 Conjuration/Hexes            3
   d - Fulminant Prism                Conjuration/Hexes            4
   e - Iskenderun's Mystic Blast      Conjuration                  4
   f - Iskenderun's Battlesphere      Conjuration/Charms           5
Comestibles
 c - 4 bread rations
 i - 3 meat rations
 m - 10 fruits
 t - 10 chunks of flesh
 G - a royal jelly


   Skills:
 - Level 1.7(1.4) Dodging
 - Level 1.7(1.4) Stealth
 + Level 6.0(5.6) Spellcasting
 * Level 9.7(9.4) Conjurations
 + Level 4.2(3.9) Charms


You had 8 spell levels left.
You knew the following spells:

 Your Spells              Type           Power        Failure   Level  Hunger
a - Magic Dart            Conj           ####         1%          1    None
h - Iskenderun's Mystic   Conj           #####...     2%          4    ####...
i - Iskenderun's Battles  Conj/Chrm      ####....     21%         5    #####..
s - Searing Ray           Conj           #####.       1%          2    None


Dungeon Overview and Level Annotations

Branches:
Dungeon (7/15)             Temple (1/1) D:4

Altars:
Ashenzari
Cheibriados
Dithmenos
Fedhas
Gozag
Hepliaklqana
Kikubaaqudgha
Makhleb
Nemelex Xobeh
Okawaru
Qazlal
Ru
Sif Muna
Trog
Uskayaw
Vehumet
Yredelemnul
The Shining One

Shops:
D:6 [*:

Annotations:
D:7 Pikel


Innate Abilities, Weirdness & Mutations

You have sharp fingernails.
You are mostly covered in iridescent scales. (AC +4)
You frequently emit foul miasma when damaged in melee.
You are immune to rotting.
You have supernaturally acute eyesight. (SInv)
You are agile. (Dex +2)
Armour fits poorly on your strangely shaped body.
Your flesh is heat resistant. (rF+)
Your muscles are strong. (Str +2)


Message History

Confirm with . or Enter, or press ? or * to list all spells.
Aiming: Magic Dart
Press: ? - help, Shift-Dir - straight line, f/p - Pikel
Aim: Pikel, wielding a whip of electrocution and wearing a robe (heavily wounded)
The magic dart hits Pikel.
Pikel is heavily wounded.
Pikel hits you with a whip of electrocution!
You are electrocuted!
You emit a cloud of foul miasma!
The slave hits you but does no damage.
Casting: Magic Dart
Confirm with . or Enter, or press ? or * to list all spells.
Aiming: Magic Dart
Press: ? - help, Shift-Dir - straight line, f/p - Pikel
Aim: Pikel, wielding a whip of electrocution and wearing a robe (foul pestilence, heavily wounded)
The magic dart hits Pikel.
Pikel is heavily wounded.
Pikel is engulfed in dark miasma.
Pikel is poisoned.
Pikel hits you with a whip of electrocution.
You are electrocuted!
You die...

###.######
...pppK@.#
###.####p###
#........#
######.#.###
............#
#######.#.#.#
..>#.#.#
#####.#.#
#<.#.#


You could see Pikel and 4 slaves.

Vanquished Creatures
  Menkaure (D:5)
  Edmund (D:4)
  A sky beast (D:5)
  3 phantoms
  2 black bears
  A centaur (D:5)
  A bullfrog (D:6)
  A howler monkey (D:5)
  3 wights (D:6)
  3 crimson imps (D:5)
  5 hounds
  3 orc priests
  A bullfrog skeleton (D:4)
  Ijyb (D:2)
  A centaur skeleton (D:4)
  6 orc wizards
  2 worker ants
  10 gnolls
  8 adders
  A shadow imp (D:7)
  3 oozes
  A worm (D:4)
  6 dart slugs
  17 orcs
  6 giant cockroaches
  11 goblins
  11 hobgoblins
  12 jackals
  6 kobolds
  2 quokkas
  8 bats
  4 frilled lizards
  A jackal skeleton (D:4)
  9 rats
152 creatures vanquished.

Vanquished Creatures (others)
  3 fungi (D:5)
3 creatures vanquished.

Grand Total: 155 creatures vanquished

Notes
Turn   | Place    | Note
-------+----------+-------------------------------------------
     0 | D:1      | Duffy the Demonspawn Conjurer began the quest for the Orb.
     0 | D:1      | Reached XP level 1. HP: 13/13 MP: 3/3
   283 | D:1      | Gained mutation: You are partially covered in iridescent scales. (AC +2) [demonic ancestry]
   283 | D:1      | Reached XP level 2. HP: 19/19 MP: 0/5
   342 | D:1      | Learned a level 2 spell: Searing Ray
   529 | D:1      | Found a glowing golden altar of the Shining One.
  1024 | D:1      | Reached XP level 3. HP: 24/24 MP: 2/6
  1188 | D:2      | Found a basalt altar of Yredelemnul.
  1334 | D:2      | Found a hazy altar of Hepliaklqana.
  1412 | D:2      | Reached skill level 5 in Conjurations
  1512 | D:2      | Found a shadowy altar of Dithmenos.
  1874 | D:2      | Reached XP level 4. HP: 30/30 MP: 5/7
  2156 | D:3      | Noticed Ijyb
  2480 | D:2      | Killed Ijyb
  2837 | D:3      | Learned a level 4 spell: Iskenderun's Mystic Blast
  3256 | D:3      | Gained mutation: You are immune to rotting. [demonic ancestry]
  3256 | D:3      | Reached XP level 5. HP: 35/35 MP: 9/9
  3600 | D:3      | Reached skill level 6 in Conjurations
  3790 | D:3      | Noticed a phantom
  3827 | D:3      | Killed a phantom
  3827 | D:3      | Gained mutation: You are mostly covered in iridescent scales. (AC +4) [demonic ancestry]
  3827 | D:3      | Reached XP level 6. HP: 33/41 MP: 3/11
  4045 | D:3      | Learned a level 5 spell: Iskenderun's Battlesphere
  4704 | D:4      | Found a sacrificial altar of Ru.
  4705 | D:4      | Found a staircase to the Ecumenical Temple.
  4731 | Temple   | Entered the Ecumenical Temple
  4858 | D:4      | Noticed Edmund
  4881 | D:4      | Killed Edmund
  4881 | D:4      | Reached skill level 7 in Conjurations
  4881 | D:4      | Reached skill level 1 in Charms
  4881 | D:4      | Gained mutation: You have sharp fingernails. [demonic ancestry]
  4881 | D:4      | Reached XP level 7. HP: 35/46 MP: 12/13
  5848 | D:5      | Entered Level 5 of the Dungeon
  5849 | D:5      | Found a bloodstained altar of Trog.
  5869 | D:5      | Reached skill level 8 in Conjurations
  6003 | D:5      | Noticed Menkaure
  6009 | D:5      | Killed Menkaure
  6009 | D:5      | Gained mutation: You may emit foul miasma when damaged in melee. [demonic ancestry]
  6009 | D:5      | Reached XP level 8. HP: 52/52 MP: 15/15
  6106 | D:5      | Reached skill level 5 in Spellcasting
  6304 | D:5      | Gained mutation: Armour fits poorly on your strangely shaped body. [mutagenic meat]
  6305 | D:5      | Gained mutation: You are agile. (Dex +2) [mutagenic meat]
  6306 | D:5      | Gained mutation: You have supernaturally acute eyesight. (SInv) [mutagenic meat]
  6307 | D:5      | Gained mutation: Your flesh is heat resistant. (rF+) [mutagenic meat]
  6579 | D:5      | Gained mutation: Your muscles are strong. (Str +2) [potion of beneficial mutation]
  6613 | D:5      | Found a snail-covered altar of Cheibriados.
  7089 | D:5      | Reached skill level 9 in Conjurations
  7829 | D:6      | Found a radiant altar of Vehumet.
  7835 | D:6      | Became a worshipper of Vehumet
  8302 | D:6      | Found Akhing's Assorted Antiques.
  8308 | D:6      | Bought a scroll labeled QODGHI XUUNOD for 25 gold pieces
  8319 | D:6      | Found Qinlagust's Antique Armour Boutique.
  8330 | D:6      | Found a hide-covered altar of Uskayaw.
  8452 | D:6      | Found Donkaen's Book Emporium.
  8563 | D:6      | Found a deep blue altar of Sif Muna.
  8667 | D:7      | Gained mutation: You frequently emit foul miasma when damaged in melee. [demonic ancestry]
  8667 | D:7      | Reached XP level 9. HP: 57/57 MP: 17/17
  8774 | D:7      | Reached * piety under Vehumet
  8774 | D:7      | Offered knowledge of Flame Tongue by Vehumet.
  8924 | D:7      | Noticed Pikel
  8938 | D:7      | Slain by Pikel

Vault maps used:
D:1:      noname_arrival_rooms_in_the_neighbourhood, tso_altar
D:2:      overflow_temple_1_default, lemuel_doored_altar,
          yredelemnul_altar_generic, solitary_fountain
D:3:      kennysheep_the_goblin_king
D:4:      nicolae_overflow_crystal_walls, first_bread, uniq_edmund
D:5:      cheibriados_altar_1, minmay_gold_behind_fungi,
          trog_three_pillars_becter, uniq_menkaure
D:6:      eat_drink_and_be_merry_uskayaw, vehumet_crystals, serial_shops,
          shop_statue, kennysheep_little_box, nicolae_shop_statue_plus,
          lemuel_blue_sif_altar
D:7:      zin_angel, serial_shops, kennysheep_mini_moat, uniq_pikel
Temple:   eino_temple_lava

Skill      XL: |  1  2  3  4  5  6  7  8  9 |
---------------+----------------------------+-----
Conjurations   | 5 6 7 8 9 |  9.7
Spellcasting   | 3 4 5 6 |  6.0
Charms         | 1 2 4 |  4.2
Dodging        | |  1.7
Stealth        | |  1.7

Action                   |  1- 3 |  4- 6 |  7- 9 || total
-------------------------+-------+-------+-------++-------
Melee: Spear             |     2 |    29 |       ||    31
 Fire: Blowgun           |       |       |     3 ||     3
 Cast: Magic Dart        |    79 |    92 |   281 ||   452
       Searing Ray       |     3 |    22 |     7 ||    32
       Iskenderun's Batt |       |       |     1 ||     1
  Use: Scroll            |       |     8 |     4 ||    12
       Potion            |       |       |     2 ||     2
  Eat: Chunk             |     4 |    10 |    14 ||    28
       Beef jerky        |       |       |     2 ||     2
Armor: Robe              |     4 |    17 |    44 ||    65
Dodge: Dodged            |    13 |    45 |   109 ||   167
